 Dungeon Crawl Stone Soup version 0.28.0 (webtiles) character file.

Game seed: 7763869832655269355

94 dolemite99 the Cudgeller (level 4, 0/35 HPs)
             Began as a Demonspawn Fighter on Feb 13, 2022.
             Was a Believer of Dithmenos.
             Killed from afar by an orc wizard (10 damage)
             ... with a puff of flame
             ... on level 2 of the Dungeon.
             The game lasted 00:02:53 (2109 turns).

dolemite99 the Cudgeller (Demonspawn Fighter)       Turns: 2109, Time: 00:02:54

Health: 0/35       AC:  8    Str: 18    XL:     4   Next: 38%
Magic:  4/4        EV:  6    Int:  9    God:    Dithmenos [**....]
Gold:   59         SH:  4    Dex: 13    Spells: 3/3 levels left

rFire   . . .      SeeInvis .   a - +0 flail
rCold   . . .      Faith    .   c - +0 buckler
rNeg    . . .      Spirit   .   o - +0 chain mail
rPois   .          Reflect  .   (no helmet)
rElec   .          Harm     .   (no cloak)
rCorr   .          Rampage  .   (no gloves)
Will    .....                   (no boots)
Stlth   ..........              (no amulet)
HPRegen 0.11/turn               (no ring)
MPRegen 0.09/turn               (no ring)

@: mighty, wreathed by umbra
A: demonic guardian 2
a: Renounce Religion, Shadow Step


You were on level 2 of the Dungeon.
You worshipped Dithmenos.
Dithmenos was pleased with you.
You visited 1 branch of the dungeon, and saw 3 of its levels.

You collected 59 gold pieces.

Inventory:

Hand Weapons
 a - a +0 flail (weapon)
 q - a +3 dagger
Missiles
 j - a poisoned dart
 l - 4 boomerangs (quivered)
 r - 2 javelins
Armour
 b - a +0 scale mail
 c - a +0 buckler (worn)
 o - a +0 chain mail (worn)
Scrolls
 e - a scroll of identify {unknown}
 k - a scroll of enchant armour {unknown}
 m - a scroll of teleportation {unknown}
 n - a scroll of silence {unknown}
 p - 2 scrolls of noise {unknown}
Potions
 f - 3 potions of curing {unknown}
 g - a potion of degeneration {unknown}
 h - 2 potions of heal wounds {unknown}
 i - a potion of experience {unknown}


   Skills:
 - Level 3.0 Fighting
 - Level 3.5 Maces & Flails
 + Level 2.1 Throwing
 - Level 2.6 Armour
 - Level 2.6 Shields


You had 3 spell levels left.
You didn't know any spells.
Your spell library was empty.

Dungeon Overview and Level Annotations

Branches:
Dungeon (3/15)

Altars:
Dithmenos


Innate Abilities, Weirdness & Mutations

A demonic guardian rushes to your aid.


Message History

The orc wizard hits you but does no damage.
You climb upwards.
There is a stone staircase leading down here.
The orc barely misses you.
The orc wizard hits you but does no damage.
You feel less confused. The orc barely misses you.
You hit the orc wizard.
The orc wizard is lightly wounded.
The orc closely misses you. You block the orc wizard's attack.
You block the orc wizard's attack.
The orc wizard gestures wildly while chanting.
The orc wizard flickers and vanishes!
Deactivating autopickup; reactivate with Ctrl-A.
You closely miss the orc.
A magic dart appears from out of thin air!
The magic dart hits you. The orc closely misses you. Something hits you.
You hear some strange, mumbled words.
A magic dart appears from out of thin air!
The magic dart hits you.
You hit the orc.
The orc is almost dead.
You block the orc's attack.
You sock the orc!
You kill the orc!
Dithmenos accepts your kill. Something hits you.
You miss something.
You hear some strange, mumbled words.
A puff of flame appears from out of thin air!
The puff of flame hits you.
You miss something. Something hits you.
* * * LOW HITPOINT WARNING * * *
A demonic guardian appears!
You feel very mighty all of a sudden.
You hear some strange, mumbled words.
A puff of flame appears from out of thin air!
The puff of flame hits you!
You die...

.# #...............# .#
#...............# .#
#...^...........# .#
#...............# .#
###...............# .#
#....<...........## ##
##.###....>#.....##
###########..####.4#########
#>.........>...{@.##
..#########.####### #######
#..# ......# #.##
#####.####.# #......##
###.#...##### ###..#.......#
####......#######


You could see a friendly rust devil (summoned).

Vanquished Creatures
  4 adders (D:3)
  A dart slug (D:2)
  A worm (D:2)
  2 orcs
  A ball python (D:1)
  2 endoplasms
  2 giant cockroaches
  6 goblins
  8 hobgoblins
  3 kobolds
  2 quokkas (D:1)
  7 bats
  4 frilled lizards
  6 rats
49 creatures vanquished.

Vanquished Creatures (others)
  2 fungi (D:1)
  A plant (D:1)
3 creatures vanquished.

Grand Total: 52 creatures vanquished

Notes
Turn   | Place    | Note
-------+----------+-------------------------------------------
     0 | D:1      | dolemite99 the Demonspawn Fighter began the quest for the
                  | Orb.
     0 | D:1      | Reached XP level 1. HP: 18/18 MP: 1/1
   211 | D:1      | Gained mutation: A weak demonic guardian rushes to your
                  | aid. [demonic ancestry]
   211 | D:1      | Reached XP level 2. HP: 24/24 MP: 2/2
   255 | D:1      | Found a faded altar of an unknown god.
   279 | D:1      | Prayed at the altar of an unknown god.
   279 | D:1      | Became a worshipper of Dithmenos the Shadowed
   279 | D:1      | Reached * piety under Dithmenos
  1009 | D:2      | Reached XP level 3. HP: 29/29 MP: 3/3
  1148 | D:2      | Reached ** piety under Dithmenos
  1528 | D:3      | Reached skill level 1 in Throwing
  1604 | D:3      | Gained mutation: A demonic guardian rushes to your aid.
                  | [demonic ancestry]
  1604 | D:3      | Reached XP level 4. HP: 32/35 MP: 4/4
  2109 | D:2      | Killed from afar by an orc wizard

Illustrated notes

Levels and vault maps discovered:
D:1:      saegor_arrival_under_anarchy, layout_basic,
          shapermc_ecumenical_altar_ellora, minivault_27
D:2:      layout_rooms
D:3:      layout_basic, dk_noncrumbling_2

Skill      XL: |  1  2  3  4 |
---------------+-------------+-----
Maces & Flails | 2 3 |  3.5
Throwing       | 1 2 |  2.1
Fighting       | |  3.0
Armour         | |  2.6
Shields        | |  2.6

Action                   |  1- 3 |  4- 6 || total
-------------------------+-------+-------++-------
Melee: Flail             |   106 |    32 ||   138
Throw: Dart              |    26 |       ||    26
       Boomerang         |    16 |    14 ||    30
  Use: Potion            |       |     1 ||     1
Armor: Scale mail        |    59 |     6 ||    65
       Chain mail        |       |    15 ||    15
Dodge: Dodged            |    57 |    11 ||    68
Block: Buckler           |    29 |     7 ||    36
